 Dungeon Crawl Stone Soup version 0.27-a0-1158-gaa87e14f67 (webtiles) character file.

Game seed: 16719553193752578212

7 Whiskey the Insei (level 2, -2/18 HPs)
             Began as an Octopode Transmuter on May 15, 2021.
             Killed from afar by a dart slug (3 damage)
             ... with a slug dart
             ... on level 1 of the Dungeon.
             The game lasted 00:00:44 (323 turns).

Whiskey the Insei (Octopode Transmuter)              Turns: 323, Time: 00:00:44

Health: -2/18      AC:  1    Str:  9    XL:     2   Next: 0%
Magic:  4/5        EV: 13    Int: 15    God:
Gold:   0          SH:  0    Dex: 12    Spells: 4/5 levels left

rFire    . . .     SeeInvis .     - Unarmed
rCold    . . .     Faith    .   (no shield)
rNeg     . . .     Spirit   .   (helmet currently unavailable)
rPois    .         Reflect  .   (no amulet)
rElec    .         Harm     .   (no ring)
rCorr    .         Rampage  .   (no ring)
Will     .....                  (no ring)
Stlth    ++........             (no ring)
HPRegen  0.06/turn              (no ring)
MPRegen  0.09/turn              (no ring)
                                (no ring)
                                (no ring)

@: appendages
A: tentacle spike 3, almost no armour, amphibious, 8 rings, camouflage 1,
gelatinous body 1, (nimble swimmer 1), tentacles
a: End Transformation


You were on level 1 of the Dungeon.
One of your tentacles had grown a beastly spike.
You visited 1 branch of the dungeon, and saw 1 of its levels.

Inventory:

Scrolls
 a - a scroll of fear {unknown}


   Skills:
 - Level 1.0 Fighting
 - Level 2.0 Dodging
 + Level 3.2 Unarmed Combat
 - Level 2.0 Spellcasting
 + Level 2.3 Transmutations


You had 4 spell levels left.
You knew the following spells:

 Your Spells              Type           Power      Damage    Failure   Level
a - Beastly Appendage     Tmut           16%        N/A       9%          1

Your spell library contained the following spells:

 Spells                   Type           Power      Damage    Failure   Level
 Wereblood                Tmut           8%         N/A       13%         2
 Spider Form              Tmut/Pois      2%         N/A       38%         3
 Ice Form                 Ice/Tmut       5%         N/A       80%         4
 Hydra Form               Tmut           4%         N/A       93%         5


Dungeon Overview and Level Annotations

Branches:
Dungeon (1/15)

Altars:


Innate Abilities, Weirdness & Mutations

One of your tentacles has grown a beastly spike.
You cannot wear most types of armour.
You are amphibious.
You can wear up to eight rings at the same time.
Your skin changes colour to match your surroundings (Stealth+).
Your rubbery body absorbs attacks. (AC +1, EV +1)
((You are camouflaged near water. (Stealth+)))
You have tentacles for arms and can constrict up to eight enemies at once.


Message History

You are too injured to fight recklessly!
You are too injured to fight recklessly!
You are too injured to fight recklessly!
You are too injured to fight recklessly!
One of your tentacles grows a vicious spike.
The bat closely misses you.
You now have 2/3 mp.
You closely miss the bat. You grab the bat. You squeeze the bat.
You kill the bat!
Your transformation is almost over.
Your tentacle spike disappears.
a - a scroll labelled YRPHU PUS GORUSS Health restored: 13; MP restored: 3 A ball python comes into view.
The ball python hisses angrily.
No target in view!
One of your tentacles grows a vicious spike.
Your transformation is almost over.
You now have 2/3 mp.
A hobgoblin comes into view.
The ball python closely misses you. The ball python completely misses you.
You tentacle-slap the ball python.
You kill the ball python!
The hobgoblin shouts!
Found a stone staircase leading down.
You tentacle-slap the hobgoblin. Your grab misses the hobgoblin.
The hobgoblin closely misses you.
You tentacle-slap the hobgoblin. Your grab misses the hobgoblin.
The hobgoblin barely misses you.
You closely miss the hobgoblin. You grab the hobgoblin.
You constrict the hobgoblin, but do no damage.
The hobgoblin hits you but does no damage.
You tentacle-slap the hobgoblin.
You kill the hobgoblin!
No target in view!
Your tentacle spike disappears.
You see here a hobgoblin corpse.
A quokka comes into view.
MP restored: 3 One of your tentacles grows a vicious spike.
You now have 2/3 mp.
A hobgoblin comes into view.
The quokka closely misses you.
You barely miss the quokka. Your grab misses the quokka.
The quokka bites you but does no damage.
You barely miss the quokka. Your grab misses the quokka.
Your tentacle spike misses the quokka.
The hobgoblin shouts!
The quokka misses you.
You barely miss the quokka. Your grab misses the quokka.
You squeeze the quokka.
Your transformation is almost over.
The quokka bites you.
You take 4 damage, and have 9/13 hp.
MASSIVE DAMAGE!!
You closely miss the quokka. Your grab misses the quokka.
Your tentacle spike misses the quokka.
The quokka misses you.
A dart slug comes into view.
You tentacle-slap the quokka but do no damage.
Your grab misses the quokka. The quokka closely misses you.
You miss the quokka. Your grab misses the quokka. The quokka barely misses you.
The quokka closely misses you.
You tentacle-slap the quokka. You grab the quokka.
You constrict the quokka, but do no damage.
The quokka bites you.
You take 1 damage, and have 8/13 hp.
You barely miss the quokka.
You constrict the quokka, but do no damage.
The quokka barely misses you.
You tentacle-slap the quokka but do no damage.
You pierce the quokka.
You kill the quokka!
The hobgoblin misses you.
MP restored: 3 You tentacle-slap the hobgoblin.
You grab the hobgoblin.
You constrict the hobgoblin, but do no damage.
The hobgoblin hits you.
* * * LOW HITPOINT WARNING * * *
You take 5 damage, and have 3/13 hp.
MASSIVE DAMAGE!!
You are too injured to fight recklessly!
You are too injured to fight recklessly!
You are too injured to fight recklessly!
You tentacle-slap the hobgoblin.
You kill the hobgoblin!
Your tentacle spike disappears.
You have reached level 2!
You regained 2 hp, and now have 5/18 hp.
MP restored: 5 The dart slug launches a dart at you.
The slug dart hits you.
* * * LOW HITPOINT WARNING * * *
You take 4 damage, and have 1/18 hp.
MASSIVE DAMAGE!!
One of your tentacles grows a vicious spike.
You now have 4/5 mp.
You tentacle-slap the dart slug. You grab the dart slug.
You constrict the dart slug.
You tentacle-slap the dart slug but do no damage.
You constrict the dart slug. The dart slug launches a dart at you.
The slug dart hits you.
You die...

.##.........#
..#.######### ..#.# #+
#.#.# ##### ##.##.#.#
#.... #...#.#.# #....
#####.....#.########....
........................
####.w@###.########....
........# #.# #....
........# ... #....
......... .......(...###
.....#####.........#.###
##+## #........ #..##
#....... ##.## .# #.##
#.##


You could see a dart slug.

Vanquished Creatures
  An endoplasm (D:1)
  2 hobgoblins (D:1)
  A quokka (D:1)
  A ball python (D:1)
  A bat (D:1)
6 creatures vanquished.

Notes
Turn   | Place    | Note
-------+----------+-------------------------------------------
     0 | D:1      | Whiskey the Octopode Transmuter began the quest for the
                  | Orb.
     0 | D:1      | Reached XP level 1. HP: 13/13 MP: 3/3
   318 | D:1      | HP: 3/13 [hobgoblin (5)]
   320 | D:1      | Reached XP level 2. HP: 5/18 MP: 5/5
   320 | D:1      | HP: 1/18 [dart slug/slug dart (4)]
   323 | D:1      | Killed from afar by a dart slug

Illustrated notes

Levels and vault maps discovered:
D:1:      lemuel_arrival_cross, layout_basic,
          hellmonk_ecumenical_altar_heavens_door

Action                   || total
-------------------------++-------
Melee: Unarmed           ||    27
       Constrict         ||     6
       Tentacles         ||     2
       Kick              ||     1
       Punch             ||     1
 Cast: Beastly Appendage ||     4
 Stab: Sleeping          ||     1
Armor: Skin              ||     4
Dodge: Dodged            ||    20

Table legend: (Time is in decaauts)
 A = Elapsed time spent in this place.
 B = Non-inter-level travel time spent in this place.
 C = Inter-level travel time spent in this place.
 D = Time resting spent in this place.
 E = Time spent auto-exploring this place.
 F = Levels seen in this place.
 G = Mean time per level.
                   A        B        C        D        E       F      G
               +--------+--------+--------+--------+--------+-----+--------+
         Total |    321 |    321 |      0 |      0 |    266 |   1 |  321.0 |
       Dungeon |    321 |    321 |      0 |      0 |    266 |   1 |  321.0 |
               +--------+--------+--------+--------+--------+-----+--------+

Top non-repeatable levels by time:
     D:1: 321 daAuts

Table legend:
 A = Kills in this place as a percentage of kills in entire the game.
 B = Kills by you in this place as a percentage of kills by you in the entire game.
 C = Kills by friends in this place as a percentage of kills by friends in the entire game.
 D = Other kills in this place as a percentage of other kills in the entire game.
 E = Experience gained in this place as a percentage of experience gained in the entire game.
 F = Experience gained in this place divided by the number of levels of this place that you have seen.
                   A       B       C       D       E      F
               +-------+-------+-------+-------+-------+----------------------
         Total | 100.0 | 100.0 |   N/A |   N/A | 100.0 |  10.0
       Dungeon | 100.0 | 100.0 |   N/A |   N/A | 100.0 |  10.0
               +-------+-------+-------+-------+-------+----------------------
